 Dungeon Crawl Stone Soup version 0.30.1-9-gdf580d7c3d (webtiles) character file.

Game seed: 14679210264376297046

153 danielguo94 the Cudgeller (level 5, -2/33 HPs)
             Began as a Gargoyle Fighter on Oct 10, 2023.
             Constricted to death by Ijyb (4 damage)
             ... on level 3 of the Dungeon.
             The game lasted 00:02:26 (1916 turns).

danielguo94 the Cudgeller (Gargoyle Fighter)        Turns: 1916, Time: 00:02:27

Health: -2/33      AC: 13    Str: 21    XL:     5   Next: 35%
Magic:  5/5        EV:  6    Int:  9    God:
Gold:   125        SH:  4    Dex:  9    Spells: 4/4 levels left

rFire   . . .        a - +0 flail
rCold   . . .        c - +0 buckler
rNeg    + . .        b - +0 scale mail
rPois   ∞            s - +0 helmet
rElec   +            (no cloak)
rCorr   .            o - +0 pair of gloves
SInv    .            (no boots)
Will    .....        (no amulet) Stlth
                     (no ring)
HPRegen 0.25/turn    (no ring)
MPRegen 0.09/turn

%: no passive effects
@: grasped by roots, hasted, constricted, very quick
A: sickness immunity, AC +4, negative energy resistance 1, electricity
resistance, torment resistance 1, petrification resistance
a: no special abilities


You were on level 3 of the Dungeon.
You visited 1 branch of the dungeon, and saw 3 of its levels.

You collected 125 gold pieces.

Inventory:

Hand Weapons
 a - a +0 flail (weapon)
Armour
 b - a +0 scale mail (worn)
 c - a +0 buckler (worn)
 o - a +0 pair of gloves (worn)
 s - a +0 helmet (worn)
Jewellery
 g - a +6 ring of strength
 k - a ring of see invisible
Scrolls
 e - a scroll of immolation {unknown}
 f - 2 scrolls of enchant weapon {unknown}
 h - a scroll of poison {unknown}
 l - 2 scrolls of identify {unknown}
 p - a scroll of teleportation {unknown}
 r - a scroll of amnesia {unknown}
Potions
 d - 2 potions of might
 i - 2 potions of brilliance {unknown}
 j - 2 potions of haste
 m - a potion of invisibility {unknown}
 n - a potion of ambrosia {unknown}
 q - 2 potions of heal wounds {unknown}


   Skills:
 + Level 3.8 Fighting
 * Level 4.2 Maces & Flails
 + Level 3.9 Armour
 + Level 0.7 Dodging
 + Level 3.6 Shields


You had 4 spell levels left.
You didn't know any spells.
Your spell library contained the following spells:

 Spells                   Type           Power      Damage    Failure   Level
 Call Canine Familiar     Summ           0%         N/A       99%         3
 Portal Projectile        Hex/Tloc       0%         N/A       99%         3
 Stone Arrow              Conj/Erth      0%         3d7       99%         3
 Animate Armour           Summ/Erth      0%         N/A       100%        4
 Dispel Undead            Necr           0%         3d6       100%        4
 Leda's Liquefaction      Hex/Erth       0%         N/A       100%        4
 Death Channel            Necr           0%         N/A       100%        6
 Lehudib's Crystal Spear  Conj/Erth      0%         10d2      100%        8
 Cigotuvi's Dreadful Rot  Necr/Pois/Air  Unusable   N/A       N/A         2

Dungeon Overview and Level Annotations

Branches:
Dungeon (3/15)

Altars:

Annotations:
D:3 Ijyb


Innate Abilities, Weirdness & Mutations

You are immune to sickness and miasma.
Your stone body is resilient. (AC +4)
You are immune to poison.
You resist negative energy. (rN+)
You are resistant to electric shocks. (rElec)
You are resistant to unholy torment.
You are immune to petrification.


Message History

You are too injured to fight recklessly!
You are too injured to fight recklessly!
Unknown command.
Unknown command.
You hit Ijyb.
Ijyb is lightly wounded.
Ijyb hits you but does no damage. The grasping roots constrict you.
The grasping roots release their grip on you.
You closely miss Ijyb.
Ijyb is lightly wounded.
Ijyb zaps a wand.
The roots erupt in riotous growth!
The grasping roots grab you!
Ijyb is unaffected.
The grasping roots constrict you.
Unknown command.
You hit Ijyb but do no damage.
Ijyb is lightly wounded.
Ijyb hits you with a +0 club. The grasping roots constrict you.
* * * LOW HITPOINT WARNING * * *
Unknown command.
It was a potion of haste.
You feel yourself speed up. Ijyb hits you but does no damage.
The grasping roots constrict you.
You barely miss Ijyb.
Ijyb is lightly wounded.
Ijyb hits you with a +0 club.
* * * LOW HITPOINT WARNING * * *
The grasping roots constrict you.
* * * LOW HITPOINT WARNING * * *
The grasping roots release their grip on you.
You closely miss Ijyb.
Ijyb is lightly wounded.
You closely miss Ijyb.
Ijyb is lightly wounded.
Ijyb zaps a wand.
The roots erupt in riotous growth!
The grasping roots grab you!
Ijyb is unaffected.
The grasping roots constrict you.
Unknown command.
You barely miss Ijyb.
Ijyb is lightly wounded.
Ijyb hits you but does no damage. The grasping roots constrict you.
You die...

##..###.....#
##...# #.....#
#...####.....#
###....#.....#
##
+....####......
#....# ......
#....# .....
##..?.####......
#.......@)......
#.......g....###
#...........$#
#............#
.<............#
###............#
#............#
#.....?......#


You could see Ijyb.

Vanquished Creatures
  Jessica (D:3)
  Robin (D:2)
  4 gnolls
  3 adders (D:2)
  A worm (D:2)
  A dart slug (D:1)
  3 ball pythons
  5 endoplasms
  A giant cockroach (D:1)
  11 goblins
  4 hobgoblins
  A quokka (D:1)
  5 bats
  3 frilled lizards (D:2)
  4 kobolds
  3 rats
51 creatures vanquished.

Notes
Turn   | Place    | Note
-------+----------+-------------------------------------------
     0 | D:1      | danielguo94 the Gargoyle Fighter began the quest for the
                  | Orb.
     0 | D:1      | Reached XP level 1. HP: 14/14 MP: 1/1
   216 | D:1      | Reached XP level 2. HP: 8/19 MP: 2/2
   550 | D:1      | Found a faded altar of an unknown god.
   824 | D:2      | Reached XP level 3. HP: 23/23 MP: 3/3
   961 | D:2      | Reached skill level 3 in Maces & Flails
  1254 | D:2      | Reached XP level 4. HP: 9/28 MP: 4/4
  1389 | D:2      | Noticed Robin
  1415 | D:2      | Killed Robin
  1726 | D:2      | Reached skill level 4 in Maces & Flails
  1726 | D:2      | Reached XP level 5. HP: 31/33 MP: 5/5
  1847 | D:3      | Noticed Jessica
  1860 | D:3      | Killed Jessica
  1900 | D:3      | Noticed Ijyb
  1916 | D:3      | Constricted to death by Ijyb

Illustrated notes

Levels and vault maps discovered:
D:1:      dpeg_arrival_arbitrary_b, layout_loops_ring,
          chequers_ecumenical_altar_twisty
D:2:      layout_loops_ring, kennysheep_minor_cross, minmay_misc_feat_iff,
          uniq_robin
D:3:      layout_basic, serial_corexii_hall, chequers_hall_statues_wall_a,
          corexii_hall_statues_x, hex_tiny, uniq_ijyb, uniq_jessica

Skill      XL: |  1  2  3  4 |
---------------+-------------+-----
Maces & Flails | 3 4 |  4.2
Fighting       | |  3.8
Armour         | |  3.9
Dodging        | |  0.7
Shields        | |  3.6

Action                     |  1- 3 |  4- 6 || total
---------------------------+-------+-------++-------
  Melee: Flail             |   110 |    90 ||   200
    Use: Potion            |       |     1 ||     1
 Armour: Scale mail        |    53 |    64 ||   117
  Dodge: Dodged            |    64 |    37 ||   101
  Block: Buckler           |    23 |    14 ||    37
